 Dungeon Crawl Stone Soup version 0.20-a0-526-g753eaab (webtiles) character file.

109 KristoblXynda the Digger (level 4, -1/33 HPs)
             Began as a Draconian Earth Elementalist on Jan 26, 2017.
             Slain by an adder (5 damage)
             ... on level 3 of the Dungeon.
             The game lasted 00:05:32 (2989 turns).

KristoblXynda the Digger (DrEE)                     Turns: 2989, Time: 00:05:33

Health: -1/33      AC:  8    Str: 10    XL:     4   Next: 59%
Magic:  8/8        EV: 12    Int: 17    God:
Gold:   176        SH:  0    Dex: 11    Spells: 1/9 levels left

rFire    . . .     SeeInvis .   o - +1 dagger (venom)
rCold    . . .     Gourm    .   (armour unavailable)
rNeg     . . .     Faith    .   (no shield)
rPois    .         Spirit   .   (helmet restricted)
rElec    .         Reflect  .   (no cloak)
rCorr    .         Harm     .   (no gloves)
MR       .....                  m - +2 pair of boots
Stlth    ++........             a - amulet of magic regeneration
Regen    0.2/turn               (no ring)
                                (no ring)

@: exhausted, slowed, very slow
A: unfitting armour, cold-blooded, AC +5
a: no special abilities


You were on level 3 of the Dungeon.
You were not hungry.

You visited 1 branch of the dungeon, and saw 3 of its levels.

You collected 176 gold pieces.

Inventory:

Hand Weapons
 o - a +1 dagger of venom (weapon)
Missiles
 b - 75 stones (quivered)
 s - a throwing net
Armour
 m - a +2 pair of boots (worn)
Jewellery
 a - an amulet of magic regeneration (around neck)
Scrolls
 e - 3 scrolls of remove curse
 g - a scroll of identify
 h - a scroll of teleportation
 l - a scroll of amnesia
 r - a scroll of fog {unknown}
 t - a scroll of recharging {unknown}
Potions
 f - a potion of magic {unknown}
 i - 2 potions of invisibility
 j - a potion of heal wounds {unknown}
 k - a potion of lignification
 n - a potion of curing {unknown}
 p - a potion of berserk rage
 q - a potion of haste {unknown}
Books
 d - a book of Geomancy

   Spells                             Type                      Level
   a - Sandblast                      Earth                        1
   b - Passwall                       Transmutation/Earth          2
   c - Stone Arrow                    Conjuration/Earth            3
   d - Petrify                        Transmutation/Earth          4
   e - Lee's Rapid Deconstruction     Earth                        5
Comestibles
 c - 4 bread rations


   Skills:
 - Level 1.7 Dodging
 - Level 1.7 Stealth
 + Level 2.4 Unarmed Combat
 + Level 3.0 Spellcasting
 - Level 1.0 Transmutations
 + Level 3.9 Earth Magic


You had one spell level left.
You knew the following spells:

 Your Spells              Type           Power        Failure   Level  Hunger
a - Sandblast             Erth           ###...       3%          1    None
b - Stone Arrow           Conj/Erth      #.....       24%         3    ###....
c - Petrify               Tmut/Erth      ##......     71%         4    ####...


Dungeon Overview and Level Annotations

Branches:
Dungeon (3/15)

Altars:


Innate Abilities, Weirdness & Mutations

Your plain brown scales are hard. (AC +5)
You cannot fit into any form of body armour.
You are cold-blooded and may be slowed by cold attacks.


Message History

The adder bites you but does no damage.
It was a potion of berserk rage.
A red film seems to cover your vision as you go berserk!
You feel yourself moving faster!
You feel mighty! The adder barely misses you. The gnoll completely misses you.
You miss the adder. You tail-slap the adder!
The adder is severely wounded.
The adder bites you but does no damage.
You feel a strong urge to attack something.
There is an open door here.
You feel your anger subside.
You are no longer berserk.
You are exhausted.
You feel yourself slow down. The adder closely misses you.
There is an open door here.
The adder bites you.
* * * LOW HITPOINT WARNING * * *
The adder bites you.
You die...

#..........g'...........'.....
#.........g.###.#####.###.....
#...........# #.#####.###.....
###.....#######g#......#######
#.....# #).....###..#......
#.....# #......# #..#......
#.....# #......# #..#......
##.....#######g#.###..#......
....>.......@S........'......
...##.....#.##.######.#......
.... #.##.##.##........+......
#.#<.##.###########...... #
#..##.# ###'### #..##.# #....
#..##.. ##### #..#### ....


You could see a gnoll and an adder.

Vanquished Creatures
  3 adders
  2 oozes
  3 worms
  A leopard gecko (D:1)
  11 goblins
  6 hobgoblins
  4 jackals
  9 bats
  5 frilled lizards
  11 kobolds
  6 rats
61 creatures vanquished.

Notes
Turn   | Place    | Note
-------+----------+-------------------------------------------
     0 | D:1      | KristoblXynda the Draconian Earth Elementalist began the quest for the Orb.
     0 | D:1      | Reached XP level 1. HP: 14/14 MP: 3/3
   129 | D:1      | Reached skill level 1 in Unarmed Combat
   267 | D:1      | Reached XP level 2. HP: 20/20 MP: 3/5
   741 | D:1      | Reached XP level 3. HP: 20/26 MP: 6/6
  1492 | D:2      | Found a faded altar of an unknown god.
  1938 | D:2      | Reached XP level 4. HP: 33/33 MP: 8/8
  1953 | D:2      | Learned a level 3 spell: Stone Arrow
  1958 | D:2      | Learned a level 4 spell: Petrify
  2989 | D:3      | Slain by an adder

Vault maps used:
D:1:      elethiomel_arrival_shortcut, kennysheep_small_spiral,
          minmay_small_reverse_x
D:2:      chequers_ecumenical_altar_simple, first_bread, grunt_ministairs_4

Skill      XL: |  1  2  3  4 |
---------------+-------------+-----
Unarmed Combat | 1 2 |  2.4
Spellcasting   | 3 |  3.0
Dodging        | |  1.7
Stealth        | |  1.7
Transmutations | |  1.0
Earth Magic    | |  3.9

Action                   |  1- 3 |  4- 6 || total
-------------------------+-------+-------++-------
Melee: Unarmed           |    17 |       ||    17
       Tailslap          |    11 |     6 ||    17
       Dagger            |    62 |    57 ||   119
 Cast: Sandblast         |    30 |     1 ||    31
  Use: Scroll            |     6 |       ||     6
       Potion            |       |     1 ||     1
 Stab: Sleeping          |     3 |     3 ||     6
  Eat: Royal jelly       |     2 |       ||     2
       Meat ration       |       |     1 ||     1
Armor: Skin              |    27 |    21 ||    48
Dodge: Dodged            |    40 |    36 ||    76
